 Dungeon Crawl Stone Soup version 0.18-a0-1577-gf591c28 (webtiles) character file.

32 Sargon the Digger (level 3, -2/19 HPs)
             Began as a Gargoyle Earth Elementalist on Mar 18, 2016.
             Was a Follower of Pakellas.
             Slain by an adder (4 damage)
             ... on level 2 of the Dungeon.
             The game lasted 00:05:25 (1055 turns).

Sargon the Digger (Gargoyle Earth Elementalist)     Turns: 1055, Time: 00:05:25

Health: -2/19      AC:  5    Str: 11    XL:     3   Next: 25%
Magic:  2/2        EV: 12    Int: 16    God:    Pakellas [*.....]
Gold:   69         SH:  0    Dex: 10    Spells: 1 memorised, 5 levels left

rFire  . . .     SeeInvis .     n - +2 short sword (antimagic)
rCold  . . .     Gourm    .     a - +0 robe
rNeg   + . .     Faith    .     (no shield)
rPois  ∞         Spirit   .     (no helmet)
rElec  +         Dismiss  .     (no cloak)
rCorr  .         Reflect  .     (no gloves)
SustAt .         Harm     .     (no boots)
MR     .....                    (no amulet)
Stlth  ++........               (no ring)
                                (no ring)

@: not resistant to hostile enchantments, unstealthy
A: negative energy resistance 1, electricity resistance, unbreathing,
petrification resistance, rot immunity, AC +3
a: Quick Charge, Renounce Religion


You were on level 2 of the Dungeon.
You worshipped Pakellas.
Pakellas was aware of your devotion.
You were not hungry.

You visited 1 branch of the dungeon, and saw 2 of its levels.

You collected 69 gold pieces.

Inventory:

Hand Weapons
 n - a +2 antimagic short sword (weapon)
Missiles
 b - 30 stones (quivered)
Armour
 a - a +0 robe (worn)
Scrolls
 e - 2 scrolls of enchant armour {unknown}
 h - a scroll of fear {unknown}
 l - 2 scrolls of identify {unknown}
 o - a scroll of remove curse {unknown}
Potions
 i - 2 potions of lignification {unknown}
 j - a potion of berserk rage {unknown}
 k - a potion of brilliance {unknown}
 m - a potion of curing {unknown}
Books
 c - a book of Geomancy

   Spells                             Type                      Level
   a - Sandblast                      Earth                        1
   b - Passwall                       Transmutation/Earth          2
   c - Stone Arrow                    Conjuration/Earth            3
   d - Petrify                        Transmutation/Earth          4
   e - Lee's Rapid Deconstruction     Earth                        5
Comestibles
 d - a bread ration
 f - 2 fruits
 g - a beef jerky


   Skills:
 - Level 1.6 Dodging
 - Level 2.1 Stealth
 - Level 2.1 Spellcasting
   Level 0.7 Transmutations
 + Level 5.0 Earth Magic


You had 5 spell levels left.
You knew the following spells:

 Your Spells              Type           Power        Failure   Level  Hunger
a - Sandblast             Erth           ###...       2%          1    #......


Dungeon Overview and Level Annotations

Branches:
Dungeon (2/15)

Altars:
Nemelex Xobeh
Pakellas
Ru


Innate Abilities, Weirdness & Mutations

You are resistant to torment.
Your stone body is resilient (AC +3).
You are immune to poison.
You resist negative energy.
You are resistant to electric shocks.
You can survive without breathing.
You are immune to petrification.
You are immune to rotting.


Message History

You closely miss the rat. The adder closely misses you.
The rat bites you but does no damage. The adder bites you.
You completely miss the rat. The rat barely misses you. The adder bites you.
* * * LOW HITPOINT WARNING * * *
You closely miss the rat. The adder bites you but does no damage.
The rat misses you. The adder bites you but does no damage.
You closely miss the rat. The rat bites you.
* * * LOW HITPOINT WARNING * * *
The adder closely misses you.
You hit the rat.
You kill the rat!
Pakellas accepts your kill.
Your Earth Magic skill increases to level 5!
The adder closely misses you. x2
The kobold throws a stone.
The stone closely misses you.
Things that are here:
a stone; a rat corpse The adder bites you.
You die...
Pakellas says: Back to the drawing board!

#.################
#.#####.#...... #
..!............ #
............... .
#.#####.#.##### #
#.#.##### #
#S.....(# #
#.#####S.K....#
#.#
#......@......#
##.#
#########.#....
.... .#.### #.. .#
. ... .# # ### ##
#. #.#.#. #S#.#
#(#.#.


You could see 2 adders and a kobold.

Vanquished Creatures
  An adder (D:2)
  An ooze (D:1)
  3 goblins
  3 hobgoblins (D:1)
  3 kobolds
  A quokka (D:2)
  2 bats (D:1)
  A giant newt (D:1)
  3 rats
18 creatures vanquished.

Notes
Turn   | Place    | Note
--------------------------------------------------------------
     0 | D:1      | Sargon the Gargoyle Earth Elementalist began the quest for the Orb.
     0 | D:1      | Reached XP level 1. HP: 10/10 MP: 3/3
    43 | D:1      | Found a sparkling altar of Nemelex Xobeh.
    55 | D:1      | Reached skill level 4 in Earth Magic
   116 | D:1      | Reached XP level 2. HP: 9/15 MP: 0/5
   758 | D:2      | Reached XP level 3. HP: 15/19 MP: 2/6
   924 | D:2      | Found a sacrificial altar of Ru.
   961 | D:2      | Found a faded altar to an unknown god.
   969 | D:2      | Became a worshipper of Pakellas the Inventive
   969 | D:2      | Reached * piety under Pakellas
  1052 | D:2      | Reached skill level 5 in Earth Magic
  1055 | D:2      | Slain by an adder

Vault maps used:
D:1:      dpeg_arrival_orchard, minmay_misc_feat_room, minmay_misc_feat_roman,
          nemelex_diamond_rough_becter
D:2:      nicolae_ru_the_path_less_chosen, ecumenical_altar_1

Skill      XL: |  1  2  3 |
---------------+----------+-----
Earth Magic    | 4 5 |  5.0
Dodging        | |  1.6
Stealth        | |  2.1
Spellcasting   | |  2.1
Transmutations | |  0.7

Action                   || total
-------------------------++-------
Melee: Short sword       ||     6
 Cast: Sandblast         ||    27
  Eat: Chunk             ||     1
